 Dungeon Crawl Stone Soup version 0.19-a0-1712-gff403d4 (webtiles) character file.

6122 Naow the Severer (level 10, -6/81 HPs)
             Began as a Deep Dwarf Fighter on Sept 28, 2016.
             Was a Follower of Makhleb.
             Mangled by a hill giant
             ... wielding a +0 giant club
              (24 damage)
             ... on level 10 of the Dungeon.
             The game lasted 00:44:57 (7203 turns).

Naow the Severer (Deep Dwarf Fighter)               Turns: 7203, Time: 00:44:57

Health: -6/81      AC: 15    Str: 24    XL:     10   Next: 59%
Magic:  13/13      EV:  4    Int:  8    God:    Makhleb [*.....]
Gold:   156        SH: 13    Dex: 12    Spells: 0 memorised, 9 levels left

rFire  . . .     SeeInvis .     a - +1 war axe
rCold  . . .     Gourm    .     l - +0 plate armour
rNeg   . . .     Faith    .     c - +0 shield
rPois  .         Spirit   .     (no helmet)
rElec  .         Dismiss  .     p - +0 cloak
rCorr  +         Reflect  +     j - +0 pair of gloves
MR     +....     Harm     .     y - +0 pair of boots
Stlth  ..........               S - +4 amulet of reflection
                                d - ring of stealth
                                s - ring of resist corrosion

@: lethally poisoned (-6 -> -6), non-regenerating
A: damage resistance, recharge devices, sense surroundings 2, slow regeneration
3
a: Device Recharging, Renounce Religion


You were on level 10 of the Dungeon.
You worshipped Makhleb.
Makhleb was aware of your devotion.
You were not hungry.

You visited 2 branches of the dungeon, and saw 11 of its levels.

You collected 506 gold pieces.
You spent 350 gold pieces at shops.

Inventory:

Hand Weapons
 a - a +1 war axe (weapon)
 I - a +0 shortbow of velocity
 K - a +2 flail of crushing
Missiles
 V - 38 arrows
Armour
 c - a +0 shield (worn)
 j - a +0 pair of gloves (worn)
 l - a +0 plate armour (worn)
 p - a +0 cloak (worn)
 y - a +0 pair of boots (worn)
 O - the +3 buckler "Acsopya" {rN+ Str-3 Int+6 Stlth+}
   (You found it on level 7 of the Dungeon)

   It affects your strength (-3).
   It affects your intelligence (+6).
   It protects you from negative energy.
   It makes you more stealthy.
Jewellery
 d - a ring of stealth (right hand)
 k - an uncursed amulet of the gourmand
 o - a +1 ring of protection {unknown}
 q - an uncursed amulet of faith
 s - a ring of resist corrosion (left hand)
 C - a cursed ring of teleportation {unknown}
 E - an uncursed ring of magical power
 S - a +4 amulet of reflection (around neck)
 T - a cursed ring of teleportation {unknown}
Wands
 e - a wand of heal wounds (0/9)
 m - a wand of flame (30/48)
 w - a wand of flame (29/48)
 z - a wand of flame (5/48)
 F - a wand of random effects (23/48)
 J - a wand of paralysis (7/24)
 W - a wand of polymorph (11/24)
Scrolls
 h - 7 scrolls of identify
 i - 2 scrolls of fear
 n - 5 scrolls of remove curse
 r - 4 scrolls of teleportation
 G - a scroll of recharging {unknown}
 L - a scroll of amnesia
 X - a scroll of magic mapping {unknown}
Potions
 t - 2 potions of mutation {unknown}
 u - a potion of haste
 v - 4 potions of degeneration {unknown}
 x - a potion of flight {unknown}
 A - a potion of berserk rage {unknown}
 B - a potion of might
 D - 2 potions of brilliance {unknown}
 N - 2 potions of heal wounds
 P - a potion of cancellation {unknown}
 R - a potion of cure mutation {unknown}
Books
 M - a book of Cantrips

   Spells                             Type                      Level
   a - Confusing Touch                Hexes                        1
   b - Animate Skeleton               Necromancy                   1
   c - Summon Small Mammal            Summoning                    1
   d - Apportation                    Translocation                1
 Q - a book of Callings

   Spells                             Type                      Level
   a - Summon Small Mammal            Summoning                    1
   b - Call Imp                       Summoning                    2
   c - Call Canine Familiar           Summoning                    3
   d - Summon Guardian Golem          Hexes/Summoning              3
   e - Summon Lightning Spire         Summoning/Air                4
   f - Summon Ice Beast               Ice/Summoning                4
 Y - a book of Fire

   Spells                             Type                      Level
   a - Ignite Poison                  Fire/Transmutation/Poison    3
   b - Fireball                       Conjuration/Fire             5
   c - Bolt of Fire                   Conjuration/Fire             6
   d - Delayed Fireball               Conjuration/Fire             7
   e - Ring of Flames                 Charms/Fire                  7
Comestibles
 b - 5 chunks of flesh
 f - 9 bread rations
 g - a slice of pizza
 H - a beef jerky
 U - a meat ration
 Z - 4 fruits


   Skills:
 - Level 2.6 Fighting
 + Level 15.3 Axes
 - Level 3.2 Armour
 - Level 3.2 Shields
 - Level 8.3 Evocations


You had 9 spell levels left.
You didn't know any spells.

Dungeon Overview and Level Annotations

Branches:
Dungeon (10/15)            Temple (1/1) D:7            Lair (0/6) D:10
    Orc: D:9-12

Altars:
Ashenzari
Cheibriados
Dithmenos
Elyvilon
Fedhas
Gozag
Hepliaklqana
Kikubaaqudgha
Makhleb
Nemelex Xobeh
Okawaru
Qazlal
Ru
Sif Muna
Trog
Uskayaw
Vehumet
Xom
Yredelemnul
Zin

Shops:
D:8 ([=!   D:9 :

Annotations:
D:10 Sonja


Innate Abilities, Weirdness & Mutations

You are resistant to damage.
You can recharge devices by infusing magical energy.
You passively map the area around you.
You do not regenerate.


Message History

You closely miss the leopard gecko.
The leopard gecko bites you but does no damage.
You hit the hill giant but do no damage.
The hill giant is lightly wounded.
You hit the leopard gecko. You block the leopard gecko's attack.
You block the hill giant's attack.
Zapping:
J - a wand of paralysis (will waste charges)
Press: ? - help, Shift-Dir - straight line, f - hill giant
Aim: a hill giant, wielding a giant spiked club (lightly wounded, chance to defeat MR: 46%)
The hill giant resists with some effort.
Evoking this partially-identified wand wasted a few charges.
Your skill with magical items lets you calculate the power of this device...
This wand has 7 charges left.
The hill giant hits you with a giant spiked club!!
* * * LOW HITPOINT WARNING * * *
Zapping:
e - a wand of heal wounds (1/9)
Press: ? - help, Shift-Dir - straight line, f - you, p - hill giant You feel much better.
This wand has 0 charges left.
The hill giant hits you with a giant club!!
You die...

* , , * * * * *, ##
**., * , , ..,, .. ,,,
* ,.# .$. * .##.. ,* *
* , #, , l..., ,, * , ,
#.####o# , * * * *
###...@C.# ,, ,
........C## ,* * * *
.#.##.##.# ##...# * #.
#.# ....# # . #.# #...#
* ** #.#####.# #...# ,
*#..†.)).# #...###### ,
**
#.####)#######.........
, * #,*
#.#................


You could see 2 hill giants and an orc.

Vanquished Creatures
  Erica (D:10)
  The ghost of Naow the Cleaver, a novice DDFi (D:4)
  A two-headed ogre (D:9)
  2 hippogriffs
  A spriggan (D:8)
  A wyvern (D:8)
  4 yaks (D:9)
  Edmund (D:6)
  A soldier ant (D:10)
  Duvessa (D:5)
  An orc warrior (D:10)
  A sky beast (D:6)
  A black bear (D:8)
  A phantom (D:5)
  4 ogres
  5 centaurs
  A necrophage (D:6)
  A crocodile (D:9)
  4 bullfrogs
  2 big kobolds
  Dowan (D:5)
  2 scorpions
  3 killer bees (D:7)
  5 wights (D:6)
  2 crimson imps
  2 jellies
  4 orc priests
  3 hounds
  2 bullfrog skeletons
  A bullfrog zombie (D:8)
  5 orc wizards
  A centaur skeleton (D:7)
  3 iguanas
  Jessica (D:3)
  Natasha (thrice) (D:2)
  5 worker ants
  A killer bee zombie (D:6)
  11 gnolls
  6 adders
  2 oozes
  2 adder skeletons
  An adder zombie (D:9)
  5 worms
  3 dart slugs (D:1)
  8 leopard geckos
  26 orcs
  3 giant cockroaches
  7 goblins
  7 hobgoblins
  6 jackals
  4 quokkas
  5 ball pythons
  15 bats
  2 frilled lizards
  15 kobolds
  A leopard gecko skeleton (D:6)
  A quokka skeleton (D:4)
  5 rats
214 creatures vanquished.

Notes
Turn   | Place    | Note
-------+----------+-------------------------------------------
     0 | D:1      | Naow the Deep Dwarf Fighter began the quest for the Orb.
     0 | D:1      | Reached XP level 1. HP: 20/20 MP: 1/1
    63 | D:1      | Reached skill level 3 in Axes
    63 | D:1      | Reached XP level 2. HP: 25/27 MP: 2/2
   348 | D:1      | Reached XP level 3. HP: 27/33 MP: 3/3
   455 | D:1      | Reached skill level 4 in Axes
   975 | D:2      | Reached XP level 4. HP: 37/40 MP: 4/4
   978 | D:2      | Reached skill level 5 in Axes
  1132 | D:2      | Noticed Natasha
  1139 | D:2      | Killed Natasha
  1149 | D:2      | Noticed Natasha
  1166 | D:2      | Killed Natasha
  1166 | D:2      | Reached XP level 5. HP: 20/46 MP: 5/5
  1194 | D:2      | Reached skill level 6 in Axes
  1554 | D:2      | You fall through a shaft!
  1622 | D:2      | Noticed Natasha
  1630 | D:2      | Killed Natasha
  1884 | D:3      | Noticed Jessica
  1896 | D:3      | Killed Jessica
  1896 | D:3      | Reached skill level 7 in Axes
  1896 | D:3      | Reached XP level 6. HP: 39/55 MP: 6/6
  2252 | D:3      | Reached skill level 8 in Axes
  2382 | D:4      | Noticed Naow's ghost (novice DDFi)
  2440 | D:4      | Found an iron altar of Okawaru.
  2484 | D:4      | Found a bloodstained altar of Trog.
  2588 | D:4      | Killed Naow's ghost
  2588 | D:4      | Reached skill level 9 in Axes
  2588 | D:4      | Reached XP level 7. HP: 17/61 MP: 7/7
  2775 | D:4      | Found a glowing silver altar of Zin.
  2775 | D:4      | Noticed an angel
  2982 | D:5      | Entered Level 5 of the Dungeon
  3004 | D:5      | Noticed Duvessa
  3008 | D:5      | Noticed Dowan
  3120 | D:5      | Killed Dowan
  3153 | D:5      | Killed Duvessa
  3153 | D:5      | Reached skill level 10 in Axes
  3188 | D:5      | Reached XP level 8. HP: 15/68 MP: 8/8
  3303 | D:5      | Reached skill level 1 in Evocations
  3676 | D:6      | Found an opulent altar of Gozag.
  3737 | D:6      | Reached skill level 5 in Evocations
  3770 | D:6      | Found an ancient bone altar of Kikubaaqudgha.
  3770 | D:6      | Found a hide-covered altar of Uskayaw.
  3770 | D:6      | Found a snail-covered altar of Cheibriados.
  3943 | D:6      | Found a deep blue altar of Sif Muna.
  3979 | D:6      | Noticed Edmund
  4006 | D:6      | Killed Edmund
  4006 | D:6      | Gained mutation: You passively map the area around you. [Deep Dwarf growth]
  4006 | D:6      | Reached XP level 9. HP: 37/73 MP: 14/14
  4138 | D:6      | Reached skill level 11 in Axes
  4665 | D:7      | Found a staircase to the Ecumenical Temple.
  4671 | Temple   | Entered the Ecumenical Temple
  4851 | Temple   | Became a worshipper of Makhleb the Destroyer
  4900 | D:7      | Got a steaming buckler
  4911 | D:7      | Identified the +3 buckler "Acsopya" {rN+ Str-3 Int+6 Stlth+} (You found it on level 7 of the Dungeon)
  5143 | D:7      | Reached skill level 12 in Axes
  5413 | D:7      | HP: 3/74 [orc priest/divine providence (11)]
  5444 | D:7      | Reached * piety under Makhleb
  5675 | D:8      | Found an opulent altar of Gozag.
  5684 | D:8      | Found Hawapin's Weapon Emporium.
  5835 | D:8      | Found Xecweantell's Antique Armour Boutique.
  5888 | D:8      | Found Qerrityq's Jewellery Boutique.
  5904 | D:8      | Bought a +4 amulet of reflection for 350 gold pieces
  5932 | D:8      | Reached skill level 13 in Axes
  6133 | D:8      | Found Qeolonur's Distillery.
  6226 | D:8      | Reached XP level 10. HP: 17/81 MP: 15/15
  6388 | D:9      | Found Haruo's Book Shoppe.
  6404 | D:9      | Identified a scroll of acquirement
  6464 | D:9      | Reached skill level 14 in Axes
  6650 | D:9      | Found a radiant altar of Vehumet.
  7043 | D:10     | Entered Level 10 of the Dungeon
  7097 | D:10     | Noticed Sonja
  7175 | D:10     | Noticed Erica
  7179 | D:10     | Noticed a hill giant
  7182 | D:10     | Noticed a hill giant
  7196 | D:10     | Killed Erica
  7196 | D:10     | Reached skill level 15 in Axes
  7201 | D:10     | HP: 1/81 [hill giant/giant spiked club (20)]
  7203 | D:10     | Mangled by a hill giant

Vault maps used:
D:1:      onia_arrival_handbag
D:2:      first_bread, minmay_pentomino_w4, uniq_natasha
D:3:      uniq_jessica
D:4:      okawaru_metal_pillars_3, lemuel_round_altar, zin_angel,
          hangedman_abyss_or_decor_slice
D:5:      uniq_duvessa
D:6:      led_sif_book, gammafunk_temple_overflow_claw, lemuel_statue_altar,
          uniq_edmund
D:8:      nicolae_overflow_crystal_walls, serial_shops, shop, shop, shop, shop,
          the_bakery
D:9:      serial_shops, nicolae_shop_crystal, vehumet_altar_wand_db
D:10:     lair_0_dummy, uniq_sonja, uniq_erolcha, uniq_erica
Temple:   nicolae_temple_figure_eight

Skill      XL: |  1  2  3  4  5  6  7  8  9 10 |
---------------+-------------------------------+-----
Axes           | 3 4 5 7 9 10 13 15 | 15.3
Evocations     | 8 |  8.3
Fighting       | |  2.6
Armour         | |  3.2
Shields        | |  3.2

Action                   |  1- 3 |  4- 6 |  7- 9 | 10-12 || total
-------------------------+-------+-------+-------+-------++-------
Melee: War axe           |   125 |   242 |   405 |   113 ||   885
 Abil: Device Recharging |       |       |     1 |     2 ||     3
Evoke: Wand              |     1 |     3 |    19 |    16 ||    39
  Use: Potion            |     1 |       |     1 |     2 ||     4
       Scroll            |       |     2 |     6 |     3 ||    11
  Eat: Chunk             |       |    22 |     8 |     3 ||    33
Armor: Scale mail        |    53 |       |       |       ||    53
       Plate armour      |    66 |   139 |   217 |    35 ||   457
Dodge: Dodged            |    45 |    28 |    51 |    16 ||   140
Block: Shield            |    96 |   133 |   163 |    61 ||   453
       Reflection        |       |       |     2 |     1 ||     3
